AoeStats
← DiaperMoogletism

Arena

506411730Analyzed
1v1 RM · 20d ago on Sep 13, 2026· 23m 51s· 2 players
Game mode
Random Map
Map size
Tiny (2 player)
Population
200
Speed
Normal
Resources
Standard
Victory
Conquest
Starting age
Dark Age
Ending age
Imperial Age
RankedLock teamsTeams togetherTeam positionsShared explorationLock speedFull tech treeHidden civsTurbo modeCheats
Victory
Defeat
🇺🇸 Portuguese · United States
756
+12
🇮🇳 Burgundians · India
667
-12
Incognito3597
2:32 Loom
6:11 Wheelbarrow
7:19 Wheelbarrow
7:54 Double-Bit Axe
10:57 Feudal Age
11:53 Bow Saw
12:57 Hand Cart
12:34 Horse Collar
16:06 Gold Mining
17:57 Heavy Plow
18:39 Gold Shaft Mining
21:11 Castle Age
19:18 Stone Mining
20:34 Stone Shaft Mining
20:57 Fletching
DiaperMoogletism
12:50 Feudal Age
12:55 Feudal Age
11:32 Loom
14:28 Loom
17:19 Castle Age
16:20 Horse Collar
17:59 Light Cavalry
20:50 Fletching
21:30 Loom
Connection lost

Rejoining the realm…

Still unreachable

The connection could not be restored.

Session expired

The server has moved on; the page needs a fresh start.